 Dungeon Crawl Stone Soup version 0.30-a0-266-g2b27a225a3 (webtiles) character file.

Game seed: 14568794850979267822

121 Decritt the Firebug (level 5, -2/30 HPs)
             Began as a Gargoyle Fire Elementalist on Oct 14, 2022.
             Slain by Grinder (8 damage)
             ... while paralysed by Grinder
             ... on level 3 of the Dungeon.
             The game lasted 00:04:07 (1962 turns).

Decritt the Firebug (Gargoyle Fire Elementalist)    Turns: 1962, Time: 00:04:07

Health: -2/30      AC:  7    Str: 12    XL:     5   Next: 5%
Magic:  5/9        EV:  2    Int: 17    God:
Gold:   124        SH:  0    Dex: 10    Spells: 8/9 levels left

rFire   . . .      SeeInvis .    c - +0 hand axe (chaos)
rCold   . . .      Faith    .    (no shield)
rNeg    + . .      Spirit   .    a - +0 robe
rPois   ∞          Reflect  .    (no helmet)
rElec   +          Harm     .    (no cloak)
rCorr   +          Rampage  .    l - +0 pair of gloves
Will    .....                    (no boots)
Stlth   ++........               (no amulet)
HPRegen 0.25/turn                h - ring of resist corrosion
MPRegen 0.11/turn                i - +4 ring of slaying

@: paralysed
A: sickness immunity, AC +4, negative energy resistance 1, electricity
resistance, torment resistance 1, petrification resistance
a: no special abilities


You were on level 3 of the Dungeon.
You visited 1 branch of the dungeon, and saw 3 of its levels.

You collected 124 gold pieces.

Inventory:

Hand Weapons
 c - a +0 hand axe of chaos (weapon)
Armour
 a - a +0 robe (worn)
 l - a +0 pair of gloves (worn)
Jewellery
 h - a ring of resist corrosion (left hand)
 i - a +4 ring of slaying (right hand)
Scrolls
 e - a scroll of blinking
 f - a scroll of fog
 k - a scroll of brand weapon
Potions
 b - a potion of magic
 d - a potion of might {unknown}
 g - a potion of resistance
 j - a potion of curing {unknown}
 m - a potion of heal wounds {unknown}
 n - a potion of cancellation {unknown}


   Skills:
 + Level 1.9 Fighting
 + Level 2.0 Armour
 - Level 1.5 Dodging
 - Level 2.1 Stealth
 + Level 2.7 Spellcasting
 + Level 2.3 Conjurations
 + Level 3.6 Fire Magic


You had 8 spell levels left.
You knew the following spells:

 Your Spells              Type           Power      Damage    Failure   Level
a - Foxfire               Conj/Fire      48%        2x1d6     5%          1

Your spell library contained the following spells:

 Spells                   Type           Power      Damage    Failure   Level
 Scorch                   Fire           28%        2d6       6%          2
 Inner Flame              Hex/Fire       8%         N/A       26%         3
 Kindle Blastsparks       Fire/Tloc/Air  12%        2d11      32%         3
 Flame Wave               Conj/Fire      12%        2d6       45%         4
 Petrify                  Tmut/Erth      2%         N/A       87%         4
 Metabolic Englaciation   Hex/Ice        1%         N/A       99%         5
 Statue Form              Tmut/Erth      Unusable   N/A       N/A         6

Dungeon Overview and Level Annotations

Branches:
Dungeon (3/15)

Altars:
Uskayaw

Shops:
D:3 [

Annotations:
D:3 Grinder


Innate Abilities, Weirdness & Mutations

You are immune to sickness and miasma.
Your stone body is resilient. (AC +4)
You are immune to poison.
You resist negative energy. (rN+)
You are resistant to electric shocks. (rElec)
You are resistant to unholy torment.
You are immune to petrification.


Message History

The foxfire hits Grinder.
Grinder is lightly wounded.
The foxfire hits Grinder.
Grinder is moderately wounded.
Casting: Foxfire (safe; 5% risk of failure)
Confirm with . or Enter, or press ? or * to list all spells.
You conjure some foxfire!
The foxfire hits Grinder.
Grinder is moderately wounded.
The foxfire hits Grinder but does no damage.
Grinder is moderately wounded.
Casting: Foxfire (safe; 5% risk of failure)
Confirm with . or Enter, or press ? or * to list all spells.
You conjure some foxfire!
Grinder gestures at you.
You suddenly lose the ability to move!
The foxfire hits Grinder.
Grinder is heavily wounded.
The foxfire hits Grinder.
Grinder is heavily wounded.
Grinder hits you but does no damage. Grinder hits you. x2
You writhe in agony.
Grinder hits you.
You writhe in agony.
You can move again.
Grinder hits you!
* * * LOW HITPOINT WARNING * * *
You writhe in agony.
* * * LOW HITPOINT WARNING * * *
Casting: Foxfire (safe; 5% risk of failure)
Confirm with . or Enter, or press ? or * to list all spells.
You conjure some foxfire!
Grinder gestures at you.
You suddenly lose the ability to move!
The foxfire hits Grinder.
Grinder is heavily wounded.
The foxfire hits Grinder.
Grinder is severely wounded.
Grinder hits you!
You die...

........>## .......###
......# .......####
......#
..........#######......#
.......##..##........).#
.......###...#.#.......#
.<.....# #.............#
######## ##.#.#.#.>....#
##.)..@5.....#
#.#.#....?..#
##...######## #####


You could see Grinder.

Vanquished Creatures
  A necrophage (D:3)
  2 adders
  An orc (D:2)
  A giant cockroach (D:1)
  2 goblins
  3 hobgoblins
  2 jackals (D:2)
  7 quokkas
  7 ball pythons
  5 bats
  3 frilled lizards (D:1)
  2 kobolds
  3 rats
39 creatures vanquished.

Vanquished Creatures (others)
  112 foxfires
112 creatures vanquished.

Grand Total: 151 creatures vanquished

Notes
Turn   | Place    | Note
-------+----------+-------------------------------------------
     0 | D:1      | Decritt the Gargoyle Fire Elementalist began the quest for
                  | the Orb.
     0 | D:1      | Reached XP level 1. HP: 10/10 MP: 3/3
   323 | D:1      | Reached XP level 2. HP: 16/16 MP: 5/5
  1018 | D:2      | Reached skill level 1 in Fighting
  1021 | D:2      | Reached skill level 1 in Armour
  1080 | D:2      | Reached XP level 3. HP: 20/20 MP: 3/6
  1138 | D:2      | Found a hide-covered altar of Uskayaw.
  1734 | D:3      | Found Ipearum's Antique Armour Shop.
  1832 | D:3      | Noticed a necrophage
  1844 | D:3      | Killed a necrophage
  1845 | D:3      | Reached XP level 4. HP: 26/26 MP: 0/8
  1845 | D:3      | Reached XP level 5. HP: 30/30 MP: 0/9
  1948 | D:3      | Noticed Grinder
  1955 | D:3      | Paralysed by Grinder for 5 turns
  1961 | D:3      | Paralysed by Grinder for 3 turns
  1962 | D:3      | Slain by Grinder

Illustrated notes

Levels and vault maps discovered:
D:1:      giann_wishing_wells, layout_basic
D:2:      layout_rooms, basic_altar, chequers_avenue
D:3:      minmay_chambers_of_twos, layout_rooms, serial_shops,
          nicolae_shop_crystal, shop_fountains, shop, hex_tiny,
          uniq_crazy_yiuf_cottage, uniq_grinder, uniq_terence

Skill      XL: |  1  2  3 |
---------------+----------+-----
Fighting       | 1 |  1.9
Armour         | 1 2 |  2.0
Conjurations   | 2 |  2.3
Dodging        | |  1.5
Stealth        | |  2.1
Spellcasting   | |  2.7
Fire Magic     | |  3.6

Action                   |  1- 3 |  4- 6 || total
-------------------------+-------+-------++-------
Melee: Hand axe          |    31 |     2 ||    33
 Cast: Foxfire           |    65 |     5 ||    70
  Use: Scroll            |     8 |       ||     8
 Stab: Sleeping          |       |     1 ||     1
Armor: Robe              |    15 |     2 ||    17
Dodge: Dodged            |    25 |       ||    25

Table legend: (Time is in decaauts)
 A = Elapsed time spent in this place.
 B = Non-inter-level travel time spent in this place.
 C = Inter-level travel time spent in this place.
 D = Time resting spent in this place.
 E = Time spent auto-exploring this place.
 F = Levels seen in this place.
 G = Mean time per level.
                   A        B        C        D        E       F      G
               +--------+--------+--------+--------+--------+-----+--------+
         Total |   1969 |   1938 |     31 |      0 |   1598 |   3 |  656.3 |
       Dungeon |   1969 |   1938 |     31 |      0 |   1598 |   3 |  656.3 |
               +--------+--------+--------+--------+--------+-----+--------+

Top non-repeatable levels by time:
     D:1: 1009 daAuts
     D:2: 731 daAuts
     D:3: 229 daAuts
